 Dungeon Crawl Stone Soup version 0.25-a0-194-gece12570e2 (webtiles) character file.

Game seed: 4687123601869676182, levelgen mode: deterministic

32962 MrRokkomies the Fighter (level 13, -1/124 HPs)
             Began as a Ghoul Monk on Dec 1, 2019.
             Was the Champion of Ru.
             Slain by a wolf (8 damage)
             ... on level 5 of the Lair of Beasts.
             The game lasted 01:06:02 (17505 turns).

MrRokkomies the Fighter (Ghoul Monk)               Turns: 17505, Time: 01:06:02

Health: -1/124     AC: 18    Str: 20    XL:     13   Next: 67%
Magic:  12/12      EV: 12    Int:  5    God:    Ru [******]
Gold:   254        SH:  0    Dex: 11    Spells: 12/12 levels left

rFire    . . .     SeeInvis .   a - +2 flail (crush)
rCold    + . .     Gourm    .   (shield unavailable)
rNeg     + + +     Faith    .   l - +4 ring mail
rPois    ∞         Spirit   .   o - +1 helmet
rElec    .         Reflect  .   (no cloak)
rCorr    .         Harm     .   r - +0 pair of gloves
MR       .....                  (no boots)
Stlth    +.........             (no amulet)
HPRegen  0.00/turn              (ring unavailable)
MPRegen  0.13/turn              L - +4 ring of protection

@: no potions, rotting, lightly drained
A: rotting body, claws 1, carnivore, cold resistance 1, negative energy
resistance 3, inhibited regeneration, torment resistance, unbreathing, inability
to drink while threatened, missing a hand, magic vulnerability 1, unskilled 1
a: Draw Out Power, Power Leap, Apocalypse, Renounce Religion


You were on level 5 of the Lair of Beasts.
You worshipped Ru.
Ru was exalted by your worship.
You were not hungry.

You visited 3 branches of the dungeon, and saw 17 of its levels.

You collected 983 gold pieces.
You spent 729 gold pieces at shops.

Inventory:

Hand Weapons
 a - a +2 flail of crushing (weapon)
 b - a +0 hunting sling
 e - a +0 flail
 J - a +2 vampiric whip
Missiles
 d - 86 poisoned darts (quivered)
 h - 365 stones
 i - 78 sling bullets
 p - 4 curare-tipped darts
 y - 7 javelins
Armour
 l - a +4 ring mail (worn)
 o - a +1 helmet (worn)
 r - a +0 pair of gloves (worn)
Jewellery
 j - the ring "Nudo" {Wiz rF+ MR++ Slay+2}
   (You bought it in a shop on level 9 of the Dungeon)

   [ring of wizardry]

   It improves your spell success rate.
   It affects your accuracy and damage with ranged weapons and melee attacks
   (+2).
   It protects you from fire.
   It affects your resistance to hostile enchantments.
 t - an uncursed ring of wizardry
 H - an uncursed ring of ice
 L - a +4 ring of protection (right hand)
Wands
 f - a wand of polymorph (19)
 n - a wand of enslavement (1)
 q - a wand of iceblast (12)
 w - a wand of digging (6)
 x - a wand of flame (22)
 z - a wand of random effects (29)
 A - a wand of disintegration (7)
 E - a wand of acid (5)
 N - a wand of scattershot (5)
Scrolls
 g - 8 scrolls of remove curse
 m - 2 scrolls of fear
 s - 11 scrolls of identify
 C - a scroll of fog
 D - 3 scrolls of enchant armour
 O - a scroll of amnesia
Potions
 k - a potion of might
 u - a potion of magic
 v - 2 potions of flight
 F - a potion of ambrosia
 I - 2 potions of brilliance
 K - 2 potions of curing
 M - 2 potions of haste
 P - a potion of cancellation {unknown}
Comestibles
 c - 35 rations


   Skills:
 * Level 14.0(13.6) Fighting
 * Level 12.0(11.6) Maces & Flails
 + Level 4.3(4.0) Throwing
 + Level 8.1(7.7) Armour
 - Level 3.6(3.2) Dodging
 - Level 2.0(1.6) Stealth


You had 12 spell levels left.
You didn't know any spells.
Your spell library contained the following spells:

 Spells                   Type           Power        Failure   Level  Hunger
 Infusion                 Chrm           #...         63%         1    ##.....
 Magic Dart               Conj           #...         63%         1    ##.....
 Summon Small Mammal      Summ           #...         63%         1    ##.....
 Call Imp                 Summ           #.......     77%         2    ###....
 Passwall                 Tmut/Erth      #.......     77%         2    ###....
 Searing Ray              Conj           #.....       77%         2    ###....
 Shroud of Golubria       Chrm/Tloc      #.....       77%         2    ###....
 Song of Slaying          Chrm           #.......     77%         2    ###....
 Sticks to Snakes         Tmut           #.......     77%         2    ###....
 Swiftness                Chrm/Air       #.......     77%         2    ###....
 Call Canine Familiar     Summ           #.......     94%         3    ####...
 Dazzling Spray           Conj/Hex       #.....       94%         3    ####...
 Regeneration             Chrm/Necr      #.........   94%         3    ####...
 Spectral Weapon          Hex/Chrm       #.......     94%         3    ####...
 Summon Guardian Golem    Hex/Summ       #.......     94%         3    ####...
 Force Lance              Conj/Tloc      #.......     100%        4    #####..
 Fulminant Prism          Conj/Hex       #.........   100%        4    #####..
 Iskenderun's Mystic Bla  Conj           #.......     100%        4    #####..
 Passage of Golubria      Tloc           N/A          100%        4    #####..
 Summon Ice Beast         Ice/Summ       #.......     100%        4    #####..
 Summon Lightning Spire   Summ/Air       #.......     100%        4    #####..
 Lee's Rapid Deconstruct  Erth           #.........   100%        5    ######.
 Darkness                 Hex            #.........   100%        6    #######
 Invisibility             Hex            #.......     100%        6    #######
 Beastly Appendage        Tmut           Unusable     N/A         1    N/A
 Spider Form              Tmut/Pois      Unusable     N/A         3    N/A
 Ice Form                 Ice/Tmut       Unusable     N/A         4    N/A
 Blade Hands              Tmut           Unusable     N/A         5    N/A

Dungeon Overview and Level Annotations

Branches:
Dungeon (11/15)            Temple (1/1) D:6            Lair (5/6) D:11
 Shoals (0/4) Lair:2       Spider (0/4) Lair:3          Orc (0/2) D:10
  Slime: Lair:5-6

Altars:
Ashenzari
Cheibriados
Dithmenos
Elyvilon
Fedhas
Gozag
Hepliaklqana
Kikubaaqudgha
Makhleb
Nemelex Xobeh
Okawaru
Qazlal
Ru
Sif Muna
Trog
Uskayaw
Vehumet
Wu Jian
Xom
Yredelemnul
Zin
The Shining One
Beogh
Jiyva

Shops:
D:9 =

Annotations:
D:4 1 runed translucent door, astraldaughter's ghost, amateur DEFE
Lair:2 3 runed translucent doors, Voipej's ghost, journeyman HuAr


Innate Abilities, Weirdness & Mutations

Your body is rotting away.
You thrive on raw meat.
You are immune to poison.
You have sharp fingernails.
You are carnivorous and can eat meat at any time.
Your flesh is cold resistant. (rC+)
You are immune to negative energy. (rN+++)
You do not regenerate when monsters are visible.
You are immune to unholy pain and torment.
You can survive without breathing.
You cannot drink potions while threatened.
You are missing a hand.
You are slightly vulnerable to magic. (MR-)
You are somewhat unskilled. (-1 Apt)


Message History

* * * LOW HITPOINT WARNING * * *
The wolf bites you.
* * * LOW HITPOINT WARNING * * *
You miss the wolf.
The wolf is lightly wounded.
The wolf is stunned by your will and fails to attack.
You barely miss the wolf.
The wolf is lightly wounded.
The wolf bites you.
* * * LOW HITPOINT WARNING * * *
You focus your will and illuminate the wolf in retribution!
The wolf bites you but does no damage.
You hit the wolf.
The wolf is heavily wounded.
The wolf barely misses you.
You barely miss the wolf.
The wolf is heavily wounded.
The wolf bites you!
You feel threatened and lose the ability to drink potions!
You die...

...###.###+.#†)...........
.##.###......####D##......
.#.⌠.##.##..#..#.⌠........
.......÷.....!............
#⌠.<......⌠...+..>.⌠.....
..............#.....#....
##.⌠..#..#....##.⌠..#....
#..#.##.....###h###.....
.......##..####.@........
......## ... ##........
......# ... .........
...... .#........
.##..#..... .. ..###....
.# ... .... .. ... ..#


You could see an eight-headed hydra and a wolf.

Vanquished Creatures
  Rupert (Lair:4)
  Erolcha (D:10)
  4 hydras
  A two-headed ogre (D:11)
  A tengu warrior (D:11)
  A faun (Lair:5)
  2 ugly things
  An oklob plant (Lair:3)
  A manticore (D:11)
  4 elephants (Lair:4)
  A merfolk siren (Lair:2)
  A black mamba (Lair:3)
  6 spiny frogs
  4 komodo dragons
  2 rime drakes
  A troll (D:9)
  A polar bear (Lair:2)
  7 blink frogs
  6 hippogriffs
  Sigmund (D:6)
  2 redbacks (Lair:3)
  A wyvern (D:8)
  Eustachio (D:5)
  16 yaks
  A hungry ghost (D:7)
  2 basilisks (Lair:4)
  4 steam dragons
  A warg (D:10)
  10 water moccasins
  2 phantoms
  6 porcupines
  2 ice beasts
  4 sky beasts
  2 black bears (D:9)
  12 orc warriors
  5 necrophages (Lair:3)
  4 ogres
  32 wolves
  10 centaurs
  3 crocodiles
  2 big kobolds (D:10)
  Blork the orc (D:5)
  13 bullfrogs
  A wyvern zombie (D:10)
  4 scorpions
  A water moccasin skeleton (D:5)
  A water moccasin zombie (D:9)
  18 killer bees
  5 wights (D:8)
  3 crimson imps
  2 bullfrog zombies
  A quasit (D:8)
  2 centaur skeletons
  6 hounds
  A bullfrog skeleton (D:11)
  10 orc priests
  3 jellies
  27 orc wizards
  5 iguanas
  6 worker ants
  A hound skeleton (D:6)
  A howler monkey zombie (D:9)
  2 worker ant zombies
  Robin (D:2)
  4 gnolls (D:5)
  9 adders
  2 shadow imps
  2 dart slugs
  5 worms
  5 leopard geckos
  92 orcs
  2 ball pythons
  4 bats
  3 giant cockroaches
  17 goblins
  6 hobgoblins
  8 jackals
  9 kobolds
  2 quokkas
  4 frilled lizards
  A quokka skeleton (D:4)
  7 rats
  A plant (Lair:3)
467 creatures vanquished.

Vanquished Creatures (collateral kills)
  A big kobold (D:11)
  A quasit (D:11)
  4 kobolds (D:11)
6 creatures vanquished.

Vanquished Creatures (others)
  An acid dragon (D:11)
  A killer bee (D:10)
  An orc wizard (D:7)
  An orc (D:9)
  5 fungi
  10 plants (D:11)
19 creatures vanquished.

Grand Total: 492 creatures vanquished

Notes
Turn   | Place    | Note
-------+----------+-------------------------------------------
     0 | D:1      | MrRokkomies the Ghoul Monk began the quest for the Orb.
     0 | D:1      | Reached XP level 1. HP: 19/19 MP: 0/0
   153 | D:1      | Reached XP level 2. HP: 24/26 MP: 1/1
   259 | D:1      | You fall into a shaft and drop 1 floor!
   289 | D:2      | Reached XP level 3. HP: 26/33 MP: 2/2
   397 | D:2      | Reached skill level 4 in Fighting
   416 | D:2      | Noticed Robin
   443 | D:2      | Killed Robin
   673 | D:1      | Reached XP level 4. HP: 34/40 MP: 3/3
  2172 | D:4      | Found a shattered altar of Ashenzari.
  2201 | D:4      | Reached XP level 5. HP: 9/47 MP: 4/4
  2508 | D:4      | Noticed an orc warrior
  2696 | D:4      | Killed an orc warrior
  2696 | D:4      | Reached skill level 5 in Fighting
  2696 | D:4      | Reached XP level 6. HP: 49/56 MP: 5/5
  3605 | D:4      | Found a runed translucent door.
  3608 | D:4      | Noticed astraldaughter's ghost (amateur DEFE)
  3647 | D:5      | Entered Level 5 of the Dungeon
  3691 | D:5      | Noticed a phantom
  3730 | D:5      | Killed a phantom
  3730 | D:5      | Reached skill level 1 in Armour
  3730 | D:5      | Reached XP level 7. HP: 31/62 MP: 6/6
  3859 | D:5      | Reached skill level 6 in Fighting
  3867 | D:5      | Reached skill level 5 in Maces & Flails
  4035 | D:5      | Noticed Blork the orc
  4042 | D:5      | Killed Blork the orc
  4117 | D:5      | Reached XP level 8. HP: 56/71 MP: 7/7
  4141 | D:5      | Noticed Eustachio
  4160 | D:5      | Killed Eustachio
  4160 | D:5      | Reached skill level 7 in Fighting
  4817 | D:6      | Noticed Sigmund
  4854 | D:6      | Killed Sigmund
  4893 | D:6      | Reached skill level 8 in Fighting
  4920 | D:6      | Found a staircase to the Ecumenical Temple.
  4929 | Temple   | Entered the Ecumenical Temple
  4981 | Temple   | Became a worshipper of Ru the Awakened
  4989 | Temple   | Gained mutation: You are somewhat unskilled. (-1 Apt) [Ru
                  | sacrifice]
  4989 | Temple   | Reduced skill Fighting to level 7
  4989 | Temple   | Reached * piety under Ru
  5268 | D:6      | Reached XP level 9. HP: 48/79 MP: 8/8
  5739 | D:6      | Reached skill level 8 in Fighting
  6464 | D:7      | Found a sparkling altar of Nemelex Xobeh.
  6871 | D:7      | Reached skill level 9 in Fighting
  6934 | D:7      | Reached XP level 10. HP: 81/91 MP: 9/9
  7031 | D:7      | Found a basalt altar of Yredelemnul.
  7068 | D:7      | Found a glowing silver altar of Zin.
  7139 | D:8      | Found a shimmering altar of Xom.
  7268 | D:8      | Gained mutation: You cannot drink potions while threatened.
                  | [Ru sacrifice]
  7268 | D:8      | Reached ** piety under Ru
  7661 | D:8      | Found a roughly hewn altar of Beogh.
  7943 | D:8      | Reached skill level 10 in Fighting
  8331 | D:8      | Reached skill level 5 in Armour
  8825 | D:9      | Reached XP level 11. HP: 67/101 MP: 10/10
  8933 | D:9      | Found Afue's Jewellery Shop.
  9012 | D:9      | Gained mutation: You are missing a hand. [Ru sacrifice]
  9012 | D:9      | Reached *** piety under Ru
  9012 | D:9      | Reached **** piety under Ru
  9012 | D:9      | Reached ***** piety under Ru
  9070 | D:9      | Found a blossoming altar of Fedhas.
  9493 | D:10     | Entered Level 10 of the Dungeon
  9521 | D:10     | Reached skill level 11 in Fighting
  9545 | D:10     | Found a staircase to the Orcish Mines.
 10371 | D:10     | Gained mutation: You are slightly vulnerable to magic.
                  | (MR-) [Ru sacrifice]
 10371 | D:10     | Reached ****** piety under Ru
 10372 | D:10     | Noticed Erolcha
 10378 | D:10     | Killed Erolcha
 10407 | D:10     | Found a glowing golden altar of the Shining One.
 10480 | D:11     | Noticed a two-headed ogre
 10492 | D:11     | Killed a two-headed ogre
 10826 | D:11     | Reached skill level 10 in Maces & Flails
 10870 | D:11     | Noticed a tengu warrior
 10905 | D:11     | Killed a tengu warrior
 11367 | D:11     | Noticed a manticore
 11384 | D:11     | Killed a manticore
 11384 | D:11     | Reached skill level 12 in Fighting
 11418 | D:11     | Noticed a skeletal warrior
 11898 | D:11     | Reached XP level 12. HP: 52/112 MP: 11/11
 12363 | D:11     | Reached skill level 1 in Throwing
 12468 | D:11     | Found a staircase to the Lair.
 12655 | Lair:1   | Entered Level 1 of the Lair of Beasts
 12968 | Lair:1   | Noticed a six-headed hydra
 12974 | Lair:1   | Killed a six-headed hydra
 13615 | D:9      | Bought the ring "Nudo" {Wiz rF+ MR++ Slay+2} for 729 gold
                  | pieces
 13939 | Lair:2   | Found a staircase to the Shoals.
 14023 | Lair:2   | Noticed a four-headed hydra
 14030 | Lair:2   | Killed a four-headed hydra
 14212 | Lair:2   | Found a runed translucent gate.
 14212 | Lair:2   | Found a runed translucent gate.
 14212 | Lair:2   | Found a runed translucent gate.
 14213 | Lair:2   | Noticed Voipej's ghost (journeyman HuAr)
 14220 | Lair:2   | Found a viscous altar of Jiyva.
 14895 | Lair:3   | Found a hole to the Spider Nest.
 15087 | Lair:3   | Noticed a five-headed hydra
 15106 | Lair:3   | Reached skill level 13 in Fighting
 15142 | Lair:3   | Killed a five-headed hydra
 15582 | Lair:3   | Reached XP level 13. HP: 92/122 MP: 12/12
 16040 | Lair:4   | Noticed Rupert
 16137 | Lair:4   | Killed Rupert
 17412 | Lair:5   | Reached skill level 14 in Fighting
 17505 | Lair:5   | Slain by a wolf

Levels and vault maps discovered:
D:1:      shiori_arrival_elements, layout_basic, minmay_crystal_room
D:2:      layout_basic, kennysheep_generic_room_7, uniq_robin
D:3:      layout_basic, first_ration
D:4:      layout_layer_cave, evilmike_ruin_ashenzari,
          ebering_ghost_reflecting_pool
D:5:      layout_loops_ring, uniq_blork_the_orc, uniq_eustachio
D:6:      kennysheep_steamy, layout_loops_cross,
          minmay_temple_entry_antechambers, uniq_sigmund
D:7:      layout_loops_ring, nemelex_xobeh_ov_fountains_minmay,
          nicolae_overflow_hidden_temple
D:8:      layout_rooms, lemuel_doored_altar, special_room [special_room_orc]
D:9:      layout_loops_cross, kennysheep_mini_moat, serial_shops, shop,
          grunt_ministairs_15
D:10:     layout_irregular_city, erik_orc_4, blue_anna_alchemist
          [blue_anna_fruit_fields, blue_anna_fruit_fields], tso_altar,
          uniq_erolcha
D:11:     minmay_curly_fans, layout_basic, david_lair_shrubbed, serial_curves,
          eino_curves_02, eino_curves_04, eino_curves_04, grunt_ministairs_7
Temple:   nicolae_temple_x_marks_the_god
Lair:1:   layout_long_grid
Lair:2:   layout_roguey, minmay_shoals_entry_lonely_mermaid,
          gammafunk_ghost_ooze, grunt_megastairs_3, infiniplex_staircase_pool
Lair:3:   layout_layer_cave, spider_nest_entry_webs, roderic_carrion_pond,
          minmay_lair_oklob_chamber
Lair:4:   layout_long_grid, uniq_rupert
Lair:5:   layout_gridlike, grunt_forest_large_clearings, grunt_megastairs_1,
          lemuel_fruit_tree

Skill      XL: |  1  2  3  4  5  6  7  8  9 10 11 12 13 |
---------------+----------------------------------------+-----
Maces & Flails | 3 4 5 6 7 9 10 11 12 | 12.0
Dodging        | 3 4 3 |  3.6
Fighting       | 4 5 6 7 9 10 12 13 14 | 14.0
Armour         | 1 2 3 4 5 6 7 8 |  8.1
Throwing       | 3 4 |  4.3
Stealth        | |  2.0

Action                   |  1- 3 |  4- 6 |  7- 9 | 10-12 | 13-15 || total
-------------------------+-------+-------+-------+-------+-------++-------
Melee: Mace              |   128 |   171 |       |       |       ||   299
       Quarterstaff      |       |    39 |    66 |       |       ||   105
       Flail             |       |       |   285 |  1113 |   333 ||  1731
 Fire: Hunting sling     |       |    17 |       |       |       ||    17
Throw: Dart              |       |     7 |    23 |    33 |     9 ||    72
       Stone             |       |       |     7 |       |       ||     7
       Throwing net      |       |       |       |     1 |     1 ||     2
       Javelin           |       |       |       |     3 |     6 ||     9
Invok: Sacrifice Skill   |       |       |     1 |       |       ||     1
       Sacrifice Drink   |       |       |       |     1 |       ||     1
       Power Leap        |       |       |       |     7 |       ||     7
       Sacrifice Essence |       |       |       |     1 |       ||     1
       Sacrifice a Hand  |       |       |       |     1 |       ||     1
       Draw Out Power    |       |       |       |       |     2 ||     2
Evoke: Wand              |       |       |       |    10 |     6 ||    16
  Use: Potion            |     1 |     2 |     3 |     1 |     2 ||     9
       Scroll            |       |    11 |       |    18 |     2 ||    31
 Stab: Distracted        |       |       |     1 |     3 |       ||     4
       Invisible         |       |       |       |    12 |     3 ||    15
       Held in net/web   |       |       |       |     1 |     3 ||     4
       Paralysed         |       |       |       |    12 |     7 ||    19
  Eat: Chunk             |    20 |     8 |    39 |    97 |    39 ||   203
Armor: Scale mail        |    83 |    55 |       |       |       ||   138
       Chain mail        |       |    51 |   244 |       |       ||   295
       Ring mail         |       |       |    12 |   401 |   201 ||   614
Dodge: Dodged            |    88 |   113 |   172 |   663 |   242 ||  1278

Table legend:
 A = Non-vault XP
 B = Vault XP
 C = Vault XP percentage of total XP
 D = Non-vault monster count
 E = Vault monster count
 F = Vault count percentage of total count
                 A         B        C        D         E       F
            +---------+---------+-------+---------+---------+-------
      Total |   32321 |   14768 |  31.4 |     358 |     116 |  24.5
            +---------+---------+-------+---------+---------+-------
        D:1 |      48 |       0 |   0.0 |      22 |       0 |   0.0
        D:2 |      31 |      39 |  55.7 |      13 |      12 |  48.0
        D:3 |      42 |       0 |   0.0 |      12 |       0 |   0.0
        D:4 |     374 |       0 |   0.0 |      18 |       0 |   0.0
        D:5 |     767 |     297 |  27.9 |      22 |       2 |   8.3
        D:6 |    1005 |     582 |  36.7 |      23 |       3 |  11.5
        D:7 |    1757 |     129 |   6.8 |      29 |       1 |   3.3
        D:8 |    1911 |     245 |  11.4 |      41 |      26 |  38.8
        D:9 |    2489 |     490 |  16.4 |      30 |       8 |  21.1
       D:10 |    2683 |    1155 |  30.1 |      46 |      16 |  25.8
       D:11 |    3947 |    3387 |  46.2 |      40 |      11 |  21.6
     Lair:1 |    2722 |       0 |   0.0 |      10 |       0 |   0.0
     Lair:2 |    1894 |     442 |  18.9 |       5 |       1 |  16.7
     Lair:3 |    5209 |    1575 |  23.2 |      19 |       8 |  29.6
     Lair:4 |    7305 |    3025 |  29.3 |      27 |       1 |   3.6
     Lair:5 |     137 |    3402 |  96.1 |       1 |      27 |  96.4
            +---------+---------+-------+---------+---------+-------
